 Dungeon Crawl Stone Soup version 0.29-a0-359-g541a27f54d (webtiles) character file.

Game seed: 11917597018234520512

89 purpskrrrp the Caller (level 4, -1/32 HPs)
             Began as a Demonspawn Summoner on Apr 27, 2022.
             Succumbed to an adder's poison
             ... on level 2 of the Dungeon.
             The game lasted 00:17:40 (2075 turns).

purpskrrrp the Caller (Demonspawn Summoner)         Turns: 2075, Time: 00:17:41

Health: -1/32      AC:  4    Str:  8    XL:     4   Next: 31%
Magic:  7/7        EV: 12    Int: 19    God:
Gold:   110        SH:  0    Dex: 13    Spells: 5/8 levels left

rFire   + . .      SeeInvis .   d - +1 hand axe
rCold   x . .      Faith    .   (no shield)
rNeg    . . .      Spirit   .   a - +0 robe
rPois   .          Reflect  .   (no helmet)
rElec   .          Harm     .   (no cloak)
rCorr   .          Rampage  .   (no gloves)
Will    .....                   (no boots)
Stlth   ++........              (no amulet)
HPRegen 0.10/turn               c - ring of fire
MPRegen 0.10/turn               (no ring)

@: lethally poisoned (-1 -> -15), on berserk cooldown, slowed, very slow
A: yellow scales 1, demonic touch 1
a: no special abilities


You were on level 2 of the Dungeon.
You visited 1 branch of the dungeon, and saw 2 of its levels.

You collected 110 gold pieces.

Inventory:

Hand Weapons
 d - a +1 hand axe (weapon)
Missiles
 e - 75 stones
Armour
 a - a +0 robe (worn)
Jewellery
 c - a ring of fire (left hand)
 l - an amulet of reflection
 m - a ring of resist corrosion
Scrolls
 g - a scroll of teleportation
 h - 3 scrolls of identify
 k - a scroll of fear {unknown}
Potions
 b - a potion of magic
 f - a potion of brilliance
 i - 2 potions of heal wounds {unknown}
 n - a potion of resistance {unknown}


   Skills:
 + Level 1.1 Fighting
 + Level 1.2 Axes
 + Level 2.1 Dodging
 + Level 1.9 Stealth
 + Level 2.5 Spellcasting
 + Level 4.7 Summonings
 + Level 0.2 Transmutations


You had 5 spell levels left.
You knew the following spells:

 Your Spells              Type           Power      Damage    Failure   Level
a - Summon Small Mammal   Summ           80%        N/A       2%          1
b - Wereblood             Tmut           3%         N/A       22%         2

Your spell library contained the following spells:

 Spells                   Type           Power      Damage    Failure   Level
 Call Imp                 Summ           20%        N/A       3%          2
 Call Canine Familiar     Summ           20%        N/A       7%          3
 Beastly Appendage        Tmut           6%         N/A       14%         1
 Apportation              Tloc           4%         N/A       16%         1
 Summon Guardian Golem    Hex/Summ       11%        N/A       19%         3
 Spider Form              Tmut/Pois      2%         N/A       41%         3
 Summon Lightning Spire   Summ/Air       11%        N/A       52%         4
 Alistair's Intoxication  Tmut/Pois      1%         N/A       99%         5


Dungeon Overview and Level Annotations

Branches:
Dungeon (2/15)

Altars:

Shops:
D:1 =


Innate Abilities, Weirdness & Mutations

You are partially covered in yellow scales. (AC +2)
Your touch may inflict minor irresistible damage on your foes.


Message History

You are frozen.
You feel a terrible chill!
You barely miss the endoplasm. You slash the orc!
You kill the orc!
You hit the adder. The adder bites you but does no damage.
You slash the endoplasm!
You kill the endoplasm!
You closely miss the adder. The adder bites you.
You are poisoned.
The adder poisons you!
You are no longer berserk.
You are exhausted.
You feel yourself slow down.
You feel sick. The adder bites you.
You are more poisoned.
The adder poisons you!
You miss the adder.
You touch the adder.
The adder is heavily wounded.
You feel very sick. The adder closely misses you. x2
You barely miss the adder.
The adder is heavily wounded.
You feel very sick. The adder bites you.
You are more poisoned.
The adder poisons you!
The adder bites you but does no damage. x2
You closely miss the adder.
The adder is heavily wounded.
You feel very sick. The adder closely misses you. The adder bites you.
You are lethally poisoned!
The adder poisons you!
You closely miss the adder.
The adder is heavily wounded.
* * * LOW HITPOINT WARNING * * *
You feel very sick. The adder bites you.
* * * LOW HITPOINT WARNING * * *
You are more poisoned.
The adder poisons you! The adder closely misses you.
The adder bites you but does no damage.
You die...

#.#.# ##### ###.#.#
.... ...#..#
####..##.###.##
.........# ##.########
.......$.###..>.......
####...S..#..#########
...........###
####...@.### #######


You could see an adder.

Vanquished Creatures
  Terence (D:2)
  An adder (D:2)
  A worm (D:2)
  A dart slug (D:1)
  An orc (D:2)
  4 ball pythons
  5 endoplasms
  9 giant cockroaches
  A goblin (D:1)
  4 kobolds (D:2)
  2 quokkas (D:1)
  5 bats
  4 frilled lizards (D:1)
  A rat (D:1)
40 creatures vanquished.

Vanquished Creatures (collateral kills)
  A bat (D:1)
  A hobgoblin (D:1)
  2 kobolds (D:1)
  A quokka (D:1)
  3 ball pythons (D:1)
8 creatures vanquished.

Grand Total: 48 creatures vanquished

Notes
Turn   | Place    | Note
-------+----------+-------------------------------------------
     0 | D:1      | purpskrrrp the Demonspawn Summoner began the quest for the
                  | Orb.
     0 | D:1      | Reached XP level 1. HP: 13/13 MP: 3/3
   775 | D:1      | Gained mutation: Your touch may inflict minor irresistible
                  | damage on your foes. [demonic ancestry]
   775 | D:1      | Reached XP level 2. HP: 19/19 MP: 3/5
  1044 | D:1      | Reached skill level 1 in Fighting
  1401 | D:1      | Gained mutation: You are partially covered in yellow
                  | scales. (AC +2) [demonic ancestry]
  1401 | D:1      | Reached XP level 3. HP: 24/26 MP: 3/6
  1427 | D:1      | Learned a level 2 spell: Wereblood
  1574 | D:1      | Found Ixalog's Jewellery Shoppe.
  1675 | D:2      | Noticed Terence
  1682 | D:2      | Killed Terence
  1785 | D:2      | Reached XP level 4. HP: 11/32 MP: 4/7
  1790 | D:2      | Reached skill level 1 in Axes
  2075 | D:2      | Succumbed to an adder's poison

Illustrated notes

Levels and vault maps discovered:
D:1:      spicycebolla_arrival_xxxplode, layout_rooms, serial_shops, shop,
          minmay_pentomino_w4
D:2:      layout_loops_ring, hellmonk_ecumenical_altar_arch_garden,
          minmay_vboxes, uniq_terence

Skill      XL: |  1  2  3  4 |
---------------+-------------+-----
Fighting       | 1 |  1.1
Dodging        | 2 |  2.1
Axes           | 1 |  1.2
Stealth        | |  1.9
Spellcasting   | |  2.5
Summonings     | |  4.7
Transmutations | |  0.2

Action                   |  1- 3 |  4- 6 || total
-------------------------+-------+-------++-------
Melee: Hand axe          |    86 |    17 ||   103
       Touch             |     9 |     4 ||    13
 Cast: Summon Small Mamm |    31 |       ||    31
       Wereblood         |     6 |     2 ||     8
  Use: Scroll            |     5 |     1 ||     6
       Potion            |     3 |     1 ||     4
 Stab: Sleeping          |       |     1 ||     1
Armor: Robe              |    40 |     8 ||    48
Dodge: Dodged            |   121 |    13 ||   134

Table legend: (Time is in decaauts)
 A = Elapsed time spent in this place.
 B = Non-inter-level travel time spent in this place.
 C = Inter-level travel time spent in this place.
 D = Time resting spent in this place.
 E = Time spent auto-exploring this place.
 F = Levels seen in this place.
 G = Mean time per level.
                   A        B        C        D        E       F      G
               +--------+--------+--------+--------+--------+-----+--------+
         Total |   2102 |   1902 |    200 |    862 |    407 |   2 | 1051.0 |
       Dungeon |   2102 |   1902 |    200 |    862 |    407 |   2 | 1051.0 |
               +--------+--------+--------+--------+--------+-----+--------+

Top non-repeatable levels by time:
     D:1: 1677 daAuts
     D:2: 425 daAuts
